 Dungeon Crawl Stone Soup version 0.17.1-3-g152610e (webtiles) character file.

91 Gargoyl the Skirmisher (level 4, -1/35 HPs)
             Began as a Demonspawn Abyssal Knight on Mar 23, 2016.
             Was a Believer of Lugonu.
             Slain by a worm (7 damage)
             ... on level 3 of the Dungeon.
             The game lasted 00:04:34 (2230 turns).

Gargoyl the Skirmisher (Demonspawn Abyssal Knight)  Turns: 2230, Time: 00:04:34

Health: -1/35      AC:  8    Str: 13      XL:     4   Next: 33%
Magic:  0/6        EV:  6    Int:  7 (14) God:    Lugonu [**....]
Gold:   111        SH:  0    Dex: 12      Spells: 0 memorised, 3 levels left

rFire  . . .     SeeInvis .     a - +1 hand axe
rCold  . . .     Clarity  .     l - +0 chain mail
rNeg   . . .     SustAt   .     (no shield)
rPois  .         Gourm    .     (helmet restricted)
rElec  .         Spirit   +     (no cloak)
rCorr  .         Warding  .     (no gloves)
rMut   .         Stasis   .     (no boots)
MR     .....                    (no amulet)
Stlth  ..........               (no ring)
                                (no ring)

@: not resistant to hostile enchantments, extremely unstealthy
A: antennae 1, magic shield
a: Depart the Abyss, Bend Space, Renounce Religion


You were on level 3 of the Dungeon.
You worshipped Lugonu.
Lugonu was pleased with you.
You were hungry.

You visited 1 branch of the dungeon, and saw 3 of its levels.
You visited the Abyss 1 time.

You collected 111 gold pieces.

Inventory:

Hand Weapons
 a - a +1 hand axe (weapon)
Armour
 l - a +0 chain mail (worn)
Wands
 m - a wand of frost (24)
Scrolls
 d - 2 scrolls of noise {unknown}
 g - a scroll of identify {unknown}
 i - a scroll of remove curse {unknown}
 n - 2 scrolls of teleportation {unknown}
 r - a scroll of enchant weapon {unknown}
Potions
 b - 2 potions of magic {unknown}
 e - a potion of agility {unknown}
 f - 2 potions of lignification {unknown}
 j - a potion of might {unknown}
 k - 3 potions of curing {unknown}
 o - a potion of brilliance {unknown}
 p - a potion of mutation {unknown}
 q - a potion of poison {unknown}
Comestibles
 c - 2 bread rations
 h - a meat ration


   Skills:
 + Level 3.5 Fighting
 + Level 2.8 Axes
 * Level 2.5 Armour
 + Level 1.1 Dodging
 + Level 0.6 Stealth
 + Level 2.8 Invocations


You had 3 spell levels left.
You didn't know any spells.

Dungeon Overview and Level Annotations

Branches:
Dungeon (3/15)

Altars:


Innate Abilities, Weirdness & Mutations

You have a pair of small antennae on your head.
When hurt, damage is shared between your health and your magic reserves.


Message History

The worm bites you but does no damage. The worm bites you but does no damage.
The worm bites you! The worm bites you. The worm closely misses you.
The worm bites you. The worm barely misses you.
The worm bites you but does no damage. The worm bites you.
The worm bites you but does no damage. The worm bites you but does no damage.
The worm bites you but does no damage. The worm bites you but does no damage.
The worm bites you. The worm barely misses you. The worm bites you.
The worm bites you!
* * * LOW HITPOINT WARNING * * *
The worm bites you!
You die...

#...# #.#...# #.#...#
#.#..$# #.#...# #.#
##### #.....# .# #.#
#...# #.w..# .# #.#
#...# #.@..# .# #.#
#...# ##...# .# #.#
#...#####.###..# .# #.#
#.....(.......... .#
#.####'##..........#.
.###......#...#..#....#
......................#
............#......#..#
......................#


You could see a worm.

Vanquished Creatures
  Terence (D:2)
  Robin (D:2)
  2 worms (D:2)
  6 bats
  11 goblins
  6 hobgoblins (D:2)
  7 jackals (D:2)
  2 giant cockroaches
  4 giant newts
  3 kobolds (D:2)
  4 rats
47 creatures vanquished.

Notes
Turn   | Place    | Note
--------------------------------------------------------------
     0 | Abyss:1  | Gargoyl the Demonspawn Abyssal Knight began the quest for the Orb.
     0 | Abyss:1  | Reached XP level 1. HP: 18/18 MP: 2/2
   101 | Abyss:1  | Noticed a brain worm
   129 | Abyss:1  | Noticed an ancient zyme
   136 | Abyss:1  | Noticed a soul eater
   139 | Abyss:1  | Noticed a thrashing horror
   139 | D:1      | Escaped the Abyss
   844 | D:1      | Reached * piety under Lugonu
  1027 | D:2      | Gained mutation: You have a pair of small antennae on your head. [demonic ancestry]
  1027 | D:2      | Reached XP level 2. HP: 24/24 MP: 3/3
  1055 | D:2      | Noticed Robin
  1066 | D:2      | Killed Robin
  1066 | D:2      | Reached skill level 1 in Dodging
  1069 | D:2      | Gained mutation: When hurt, damage is shared between your health and your magic reserves. [demonic ancestry]
  1069 | D:2      | Reached XP level 3. HP: 12/29 MP: 5/5
  1554 | D:2      | Reached ** piety under Lugonu
  1765 | D:2      | Noticed Terence
  1780 | D:2      | Killed Terence
  1780 | D:2      | Reached XP level 4. HP: 25/35 MP: 2/6
  2230 | D:3      | Slain by a worm

Action                   |  1- 3 |  4- 6 || total
-------------------------+-------+-------++-------
Melee: Hand axe          |   131 |    19 ||   150
Invok: Depart the Abyss  |     1 |       ||     1
  Eat: Chunk             |     3 |     1 ||     4
